 Dungeon Crawl Stone Soup version 0.18.1-48-g4cf74bf (webtiles) character file.

70 PossumBlood the Shooter (level 4, 0/29 HPs)
             Began as a High Elf Hunter on Aug 12, 2016.
             Succumbed to a gnoll's poison
             ... on level 2 of the Dungeon.
             The game lasted 00:03:09 (899 turns).

PossumBlood the Shooter (High Elf Hunter)            Turns: 899, Time: 00:03:10

Health: 0/29       AC:  4    Str: 11    XL:     4   Next: 4%
Magic:  5/5        EV: 12    Int: 15    God:
Gold:   115        SH:  0    Dex: 16    Spells: 0 memorised, 3 levels left

rFire  . . .     SeeInvis .     a - +1 shortbow
rCold  . . .     Gourm    +     c - +0 leather armour
rNeg   . . .     Faith    .     (shield currently unavailable)
rPois  .         Spirit   .     (no helmet)
rElec  .         Dismiss  .     j - +0 cloak
rCorr  .         Reflect  .     (no gloves)
SustAt .         Harm     .     (no boots)
MR     .....                    g - amulet of the gourmand
Stlth  ++........               (no ring)
                                (no ring)

@: lethally poisoned (0 -> -13), not resistant to hostile enchantments,
unstealthy
A: no striking features
a: no special abilities


You were on level 2 of the Dungeon.
You were not hungry.

You visited 1 branch of the dungeon, and saw 2 of its levels.

You collected 115 gold pieces.

Inventory:

Hand Weapons
 a - a +1 shortbow (weapon)
 b - a +0 short sword
Missiles
 d - 2 arrows (quivered)
Armour
 c - a +0 leather armour (worn)
 j - a +0 cloak (worn)
Jewellery
 g - an amulet of the gourmand (around neck)
Scrolls
 e - a scroll of remove curse {unknown}
 h - 2 scrolls of enchant armour {unknown}
 m - a scroll of identify {unknown}
 n - a scroll of random uselessness {unknown}
Potions
 i - 2 potions of invisibility {unknown}
 k - a potion of haste {unknown}
Comestibles
 f - a bread ration
 l - a meat ration
 o - a fruit


   Skills:
 - Level 2.0 Fighting
 * Level 7.4 Bows
 - Level 2.1 Dodging
 - Level 1.1 Stealth


You had 3 spell levels left.
You didn't know any spells.

Dungeon Overview and Level Annotations

Branches:
Dungeon (2/15)

Altars:

Annotations:
D:2 Natasha


Message History

The giant cockroach bites you but does no damage.
The gnoll hits you with a whip of venom.
* * * LOW HITPOINT WARNING * * *
You are more poisoned.
* * * LOW HITPOINT WARNING * * *
You feel sick.
Natasha mumbles some strange words.
* * * LOW HITPOINT WARNING * * *
You feel sick.
Natasha growls.
* * * LOW HITPOINT WARNING * * *
You feel sick.
* * * LOW HITPOINT WARNING * * *
You feel sick. The giant cockroach barely misses you.
* * * LOW HITPOINT WARNING * * *
You feel sick.
The iron imp laughs crazily.
* * * LOW HITPOINT WARNING * * *
You feel sick.
You die...

#.#...#... #...#..(. ..
#.g#.)##.(#
######..#w((..(.
##.......5.(...(.
##..#####g.....#.. #..
#..## ##.g..####. #.#
#.#####.....###.. #.#
##..@.ghs........# #.#
##...####........(.
##.###...#........#..###
#..##..###.............#
#.#......[.........###..
#####.#..............###
###................<...##
...††.......†.............<
8......................####


You could see Natasha, a gnoll and a giant cockroach.

Vanquished Creatures
  Natasha (D:2)
  A gnoll (D:2)
  An adder (D:2)
  A giant cockroach (D:1)
  6 goblins
  2 hobgoblins (D:1)
  3 jackals (D:2)
  2 kobolds (D:1)
  7 bats
  A giant newt (D:2)
  3 rats
28 creatures vanquished.

Notes
Turn   | Place    | Note
--------------------------------------------------------------
     0 | D:1      | PossumBlood the High Elf Hunter began the quest for the Orb.
     0 | D:1      | Reached XP level 1. HP: 14/14 MP: 2/2
   187 | D:1      | Reached XP level 2. HP: 18/19 MP: 3/3
   192 | D:1      | Reached skill level 6 in Bows
   732 | D:2      | Found a faded altar to an unknown god.
   736 | D:2      | Noticed Natasha
   738 | D:2      | Noticed a crimson imp
   742 | D:2      | Reached XP level 3. HP: 15/24 MP: 4/4
   746 | D:2      | Killed Natasha
   746 | D:2      | Reached skill level 7 in Bows
   887 | D:2      | Noticed Natasha
   890 | D:2      | Reached XP level 4. HP: 27/29 MP: 5/5
   898 | D:2      | HP: 1/29 [poisoned by a gnoll]
   899 | D:2      | Succumbed to a gnoll's poison

Skill      XL: |  1  2  3 |
---------------+----------+-----
Bows           | 6 7 |  7.4
Fighting       | |  2.0
Dodging        | |  2.1
Stealth        | |  1.1

Action                   |  1- 3 |  4- 6 || total
-------------------------+-------+-------++-------
 Fire: Shortbow          |    69 |     2 ||    71
Armor: Leather armour    |     5 |     1 ||     6
Dodge: Dodged            |    13 |     2 ||    15
